 Dungeon Crawl Stone Soup version 0.30-a0-341-g682706514a (webtiles) character file.

Game seed: 135512859953934110

83 JOEMAMA2 the Grave Robber (level 4, -4/29 (30) HPs)
             Began as a Demonspawn Necromancer on Nov 2, 2022.
             Slain by Crazy Yiuf
             ... wielding a +2 quarterstaff of chaos
              (11 damage)
             ... on level 2 of the Dungeon.
             The game lasted 00:14:44 (2154 turns).

JOEMAMA2 the Grave Robber (Demonspawn Necromancer)  Turns: 2154, Time: 00:14:47

HP:   -4/29 (30)    AC:  3    Str:  9    XL:     4   Next: 22%
MP:   8/8           EV: 13    Int: 18    God:
Gold: 125           SH:  0    Dex: 21    Spells: 3/8 levels left

rFire   . . .      SeeInvis .    f - staff of poison
rCold   . . .      Faith    .    (no shield)
rNeg    . . .      Spirit   .    a - +0 robe
rPois   +          Reflect  .    e - +0 helmet
rElec   .          Harm     .    (no cloak)
rCorr   .          Rampage  .    (no gloves)
Will    .....                    (no boots)
Stlth   +++.......               (no amulet)
HPRegen 0.24/turn                g - +6 ring of dexterity
MPRegen 0.11/turn                (no ring)

@: lethally poisoned (-4 -> -11), lightly drained
A: thin skeletal structure 1, demonic guardian 2
a: no special abilities


You were on level 2 of the Dungeon.
You visited 1 branch of the dungeon, and saw 2 of its levels.

You collected 125 gold pieces.

Inventory:

Hand Weapons
 l - a +3 hammer
Armour
 a - a +0 robe (worn)
 e - a +0 helmet (worn)
Magical Staves
 f - a staff of poison (weapon)
Jewellery
 g - a +6 ring of dexterity (left hand)
Scrolls
 d - a scroll of vulnerability {unknown}
 h - a scroll of enchant weapon {unknown}
 i - 2 scrolls of identify {unknown}
 j - a scroll of fear {unknown}
Potions
 c - a potion of brilliance {unknown}
 k - 2 potions of attraction {unknown}


   Skills:
 + Level 0.1 Staves
 + Level 2.1 Dodging
 + Level 2.0 Stealth
 + Level 2.7 Spellcasting
 + Level 5.5 Necromancy


You had 3 spell levels left.
You knew the following spells:

 Your Spells              Type           Power      Damage    Failure   Level
a - Necrotise             Necr           88%        1d8       1%          1
b - Kiss of Death         Conj/Necr      48%        2d9       5%          1
c - Vampiric Draining     Necr           22%        2d7       5%          3

Your spell library contained the following spells:

 Spells                   Type           Power      Damage    Failure   Level
 Magic Dart               Conj           8%         1d3       17%         1
 Animate Dead             Necr           22%        N/A       17%         4
 Agony                    Necr           22%        N/A       43%         5
 Summon Forest            Summ/Tloc      1%         N/A       99%         5
 Starburst                Conj/Fire      1%         6d3       100%        6
 Haunt                    Necr/Summ      6%         N/A       100%        7


Dungeon Overview and Level Annotations

Branches:
Dungeon (2/15)

Altars:

Annotations:
D:2 Crazy Yiuf


Innate Abilities, Weirdness & Mutations

You have a somewhat thin skeletal structure. (Dex +2, Stealth+)
A demonic guardian rushes to your aid.


Message History

Found a hammer.
Found two hammers.
You see here a +0 hammer.
Found seven hammers.
Found a runed translucent door.
You see here a +0 hammer.
Found a hammer.
You see here a +0 hammer.
You see here a +0 hammer.
Found two hammers and a glowing hammer.
You see here a +0 hammer.
You open the door.
There is an open translucent door here.
You see here a +0 hammer.
You see here a +0 hammer.
You see here a +3 hammer.
l - a +3 hammer You see here a +0 hammer.
You see here a +0 hammer.
Casting: Necrotise (safe; 1% risk of failure)
Confirm with . or Enter, or press ? or * to list all spells.
Aiming: Necrotise (safe; 1% risk of failure)
Press: ? - help, Shift-Dir - straight line, f - Crazy Yiuf
Aim: Crazy Yiuf, wielding a +2 quarterstaff of chaos and wearing a +0 cloak (chance to affect: 86%) Crazy Yiuf writhes in agony.
Crazy Yiuf hits you with a +2 quarterstaff of chaos.
You are poisoned.
Casting: Necrotise (safe; 1% risk of failure)
Confirm with . or Enter, or press ? or * to list all spells.
Aiming: Necrotise (safe; 1% risk of failure)
Press: ? - help, Shift-Dir - straight line, f/p - Crazy Yiuf
Aim: Crazy Yiuf, wielding a +2 quarterstaff of chaos and wearing a +0 cloak (lightly wounded, chance to affect: 86%) Crazy Yiuf barely resists.
You feel very sick.
Crazy Yiuf hits you with a +2 quarterstaff of chaos!
Crazy Yiuf draws strength from your wounds!
Magic courses through your body.
* * * LOW HITPOINT WARNING * * *
You feel very sick.
Crazy Yiuf hits you with a +2 quarterstaff of chaos!
You die...

##.######
♣....♣
#.#
♣♣..)♣
#.# ♣♣)♣♣
#.# ♣♣)♣
#.# ♣)♣♣
####.#
♣♣)♣
#..).#
♣)♣♣
#.####
##'## #.#
#)@)# #.#
#)g.# #.#
#).)#
##.#
#####
.<.# ####


You could see Crazy Yiuf.

Vanquished Creatures
  Jessica (D:2)
  2 adders (D:2)
  2 dart slugs (D:1)
  2 endoplasms
  2 giant cockroaches
  2 goblins (D:2)
  3 hobgoblins
  2 quokkas (D:1)
  3 ball pythons
  3 bats
  5 frilled lizards
  2 kobolds (D:2)
  5 rats
34 creatures vanquished.

Vanquished Creatures (collateral kills)
  A giant cockroach (D:1)
  A goblin (D:1)
2 creatures vanquished.

Grand Total: 36 creatures vanquished

Notes
Turn   | Place    | Note
-------+----------+-------------------------------------------
     0 | D:1      | JOEMAMA2 the Demonspawn Necromancer began the quest for the
                  | Orb.
     0 | D:1      | Reached XP level 1. HP: 13/13 MP: 3/3
   224 | D:1      | Gained mutation: A weak demonic guardian rushes to your
                  | aid. [demonic ancestry]
   224 | D:1      | Reached XP level 2. HP: 19/19 MP: 1/5
   283 | D:1      | Got the Directory of Unified Blasting
   286 | D:1      | Learned a level 1 spell: Kiss of Death
  1448 | D:2      | Reached skill level 5 in Necromancy
  1485 | D:2      | Noticed Jessica
  1514 | D:2      | Gained mutation: A demonic guardian rushes to your aid.
                  | [demonic ancestry]
  1514 | D:2      | Reached XP level 3. HP: 14/20 MP: 0/6
  1541 | D:2      | Killed Jessica
  1695 | D:2      | Learned a level 3 spell: Vampiric Draining
  1770 | D:2      | Gained mutation: You have a somewhat thin skeletal
                  | structure. (Dex +2, Stealth+) [demonic ancestry]
  1770 | D:2      | Reached XP level 4. HP: 28/29 MP: 3/7
  2111 | D:2      | Identified the +9 sling of the Feeding Butterfly {vorpal,
                  | rElec rF- Will+}
  2140 | D:2      | Found a runed translucent door.
  2141 | D:2      | Noticed Crazy Yiuf
  2154 | D:2      | Slain by Crazy Yiuf

Illustrated notes

Levels and vault maps discovered:
D:1:      evilmike_arrival_plus, layout_loops_corners
D:2:      layout_loops_cross, minmay_misc_feat_four_crosses,
          minmay_misc_feat_secret_circle, lexackson_kobold_supper,
          uniq_crazy_yiuf_cottage, uniq_jessica

Skill      XL: |  1  2  3 |
---------------+----------+-----
Dodging        | 2 |  2.1
Necromancy     | 5 |  5.5
Stealth        | 2 |  2.0
Staves         | |  0.1
Spellcasting   | |  2.7

Action                   |  1- 3 |  4- 6 || total
-------------------------+-------+-------++-------
Melee: Unarmed           |     9 |       ||     9
       Staff             |    15 |       ||    15
 Cast: Necrotise         |    44 |    10 ||    54
       Kiss of Death     |     2 |       ||     2
  Use: Potion            |     3 |     1 ||     4
       Scroll            |     1 |       ||     1
Armor: Robe              |    14 |       ||    14
Dodge: Dodged            |    24 |     2 ||    26

Table legend: (Time is in decaauts)
 A = Elapsed time spent in this place.
 B = Non-inter-level travel time spent in this place.
 C = Inter-level travel time spent in this place.
 D = Time resting spent in this place.
 E = Time spent auto-exploring this place.
 F = Levels seen in this place.
 G = Mean time per level.
                   A        B        C        D        E       F      G
               +--------+--------+--------+--------+--------+-----+--------+
         Total |   2154 |   2154 |      0 |    254 |   1421 |   2 | 1077.0 |
       Dungeon |   2154 |   2154 |      0 |    254 |   1421 |   2 | 1077.0 |
               +--------+--------+--------+--------+--------+-----+--------+

Top non-repeatable levels by time:
     D:1: 1431 daAuts
     D:2: 723 daAuts
